 Dungeon Crawl Stone Soup version 0.25-a0-583-g696c2ac64d (webtiles) character file.

Game seed: 15721968374801241290, levelgen mode: deterministic

401 Lugonue the Sneak (level 6, -8/24 HPs)
             Began as a Felid Venom Mage on Mar 8, 2020.
             Was an Initiate of Sif Muna.
             Shot with an arrow by a centaur (16 damage)
             ... on level 5 of the Dungeon.
             The game lasted 00:08:59 (3777 turns).

Lugonue the Sneak (Felid Venom Mage)                Turns: 3777, Time: 00:08:59

Health: -8/24      AC:  2    Str:  4    XL:     6   Next: 54%
Magic:  10/12      EV: 18    Int: 19    God:    Sif Muna [......]
Gold:   141        SH:  0    Dex: 16    Spells: 2/12 levels left
                                        Lives:  0   Deaths: 1

rFire    . . .     SeeInvis +     - Unarmed
rCold    . . .     Gourm    .   (shield unavailable)
rNeg     . . .     Faith    .   (armour unavailable)
rPois    .         Spirit   .   (helmet unavailable)
rElec    .         Reflect  .   (cloak unavailable)
rCorr    .         Harm     .   (gloves unavailable)
MR       .....                  (boots unavailable)
Stlth    ++++......             (no amulet)
HPRegen  0.08/turn              (no ring)
MPRegen  0.13/turn              (no ring)

@: quick
A: very small, no armour, no weapons or thrown items, stealth, claws 1, fangs 3,
see invisible, carnivore, speed 1, shaggy fur 2, slow metabolism 1, sharp paws
a: Renounce Religion


You were on level 5 of the Dungeon.
You worshipped Sif Muna.
Sif Muna was noncommittal.
You were completely stuffed.

You visited 1 branch of the dungeon, and saw 5 of its levels.

You collected 141 gold pieces.

Inventory:

Wands
 j - a wand of polymorph (8)
 k - a wand of random effects (12)
Scrolls
 a - a scroll of noise
 c - 2 scrolls of teleportation {unknown}
 d - 4 scrolls of remove curse {unknown}
 e - a scroll of immolation {unknown}
 f - a scroll of enchant armour {unknown}
 h - 2 scrolls of identify {unknown}
 l - a scroll of amnesia {unknown}
Potions
 i - a potion of brilliance {unknown}
Comestibles
 b - 7 rations
 g - a chunk of flesh


   Skills:
 + Level 3.3 Dodging
 * Level 6.4 Stealth
 + Level 1.2 Unarmed Combat
 + Level 3.7 Spellcasting
 + Level 2.1 Transmutations
 + Level 1.4 Air Magic
 + Level 4.0 Poison Magic


You had 2 spell levels left.
You knew the following spells:

 Your Spells              Type           Power        Failure   Level  Hunger
a - Sting                 Tmut/Pois      ###.         4%          1    None
b - Poisonous Vapours     Pois/Air       ##....       7%          2    ##.....
c - Olgreb's Toxic Radia  Pois           ###.....     26%         4    ####...
d - Ignite Poison         Fire/Tmut/Pois ##......     19%         3    ###....

Your spell library contained the following spells:

 Spells                   Type           Power        Failure   Level  Hunger
 Mephitic Cloud           Conj/Pois/Air  ##......     21%         3    ###....


Dungeon Overview and Level Annotations

Branches:
Dungeon (5/15)
 Temple: D:4-7

Altars:
Nemelex Xobeh
Sif Muna
The Shining One

Shops:
D:4 !

Annotations:
D:3 2 transporters


Innate Abilities, Weirdness & Mutations

You cannot wear armour.
You are incapable of wielding weapons or throwing items.
Your paws allow you to move quietly. (Stealth)
You have sharp claws.
You have razor-sharp teeth.
You have supernaturally acute eyesight. (SInv)
You are carnivorous and can eat meat at any time.
You cover ground quickly.
You are covered in thick fur. (AC +2)
You have a slow metabolism.
Your sharp claws are effective at attacking unaware monsters.


Message History

Ouch! That really hurt!
You see here an arrow.
Okay, then.
As you read the scroll labeled GINKUF KOZUIRCH, it crumbles to dust.
You hear a loud clanging noise!
It was a scroll of noise.
You hear a shout! x2; You hear an angry hiss.
You hear a shout! x2
You hear an angry hiss.
You hear a shout!
You hear an angry hiss.
You hear a shout!
The centaur shoots an arrow.
The arrow closely misses you.
Unknown command.
Casting: Ignite Poison (safe; 19% risk of failure)
Confirm with . or Enter, or press ? or * to list all spells.
Aiming: Poisonous Vapours (safe; 7% risk of failure)
Press: ? - help, Dir - move target cursor, f - centaur
Aim: a centaur, wielding a +0 shortbow and quivering 24 arrows Poisonous vapours surround the centaur!
The centaur is engulfed in poison gas.
The centaur is poisoned.
The centaur shoots an arrow.
The arrow hits you!
Ouch! That really hurt!
You die...

.. >....##.....#
... #...(......#
....#..........#
#..<........##
##.......(....# ..
#<......##.##
#.#.###............
#.........##......#
..."...(@## .......
##.....##.# .......
#......#.........##
##.#c.............#
#.##.............#
. ..............
.............##
.........(....#
...............


You could see a centaur.

Vanquished Creatures
  A centaur (D:4)
  2 scorpions (D:4)
  2 hounds (D:4)
  A bullfrog skeleton (D:4)
  Ijyb (D:3)
  3 worker ants (D:4)
  An iguana (D:4)
  4 adders
  A dart slug (D:3)
  A leopard gecko (D:2)
  3 orcs (D:4)
  4 ball pythons
  A giant cockroach (D:2)
  6 goblins
  5 hobgoblins
  12 jackals
  12 kobolds
  3 quokkas
  6 bats
  3 frilled lizards
  7 rats
79 creatures vanquished.

Vanquished Creatures (others)
  A jackal (D:4)
1 creature vanquished.

Grand Total: 80 creatures vanquished

Notes
Turn   | Place    | Note
-------+----------+-------------------------------------------
     0 | D:1      | Lugonue the Felid Venom Mage began the quest for the Orb.
     0 | D:1      | Reached XP level 1. HP: 7/7 MP: 4/4
   988 | D:2      | Reached XP level 2. HP: 11/11 MP: 3/6
   998 | D:2      | Reached skill level 3 in Stealth
  1110 | D:2      | Found a sparkling altar of Nemelex Xobeh.
  1212 | D:2      | Learned a level 2 spell: Poisonous Vapours
  1294 | D:2      | Reached XP level 3. HP: 10/14 MP: 5/7
  2066 | D:3      | Reached skill level 4 in Stealth
  2295 | D:3      | Reached XP level 4. HP: 17/18 MP: 6/8
  2324 | D:3      | Learned a level 4 spell: Olgreb's Toxic Radiance
  2339 | D:3      | Found a transporter.
  2478 | D:3      | Noticed Ijyb
  2492 | D:3      | Killed Ijyb
  2615 | D:3      | Found a glowing golden altar of the Shining One.
  2664 | D:3      | Found a transporter.
  2819 | D:4      | Noticed a centaur
  2830 | D:4      | Reached skill level 5 in Stealth
  2830 | D:4      | Reached XP level 5. HP: 15/21 MP: 6/10
  2840 | D:4      | Found Tehoiryu's Distillery.
  2924 | D:4      | Engulfed by a cloud of poison gas
  2925 | D:4      | Reached XP level 4. HP: -1/18 MP: 0/9
  2936 | D:4      | Found a sand-covered staircase.
  2950 | D:4      | Reached skill level 1 in Unarmed Combat
  2950 | D:4      | Reached XP level 5. HP: 21/21 MP: 3/10
  3085 | D:4      | Reached skill level 6 in Stealth
  3123 | D:4      | Reached skill level 1 in Air Magic
  3167 | D:4      | Found a shimmering blue altar of Sif Muna.
  3245 | D:4      | Became a worshipper of Sif Muna the Loreminder
  3406 | D:4      | HP: 1/21 [centaur/arrow (13)]
  3419 | D:4      | Killed a centaur
  3419 | D:4      | Gained mutation: You are covered in thick fur. (AC +2)
                  | [Felid growth]
  3419 | D:4      | Reached XP level 6. HP: 11/24 MP: 0/12
  3607 | D:4      | Learned a level 3 spell: Ignite Poison
  3761 | D:5      | Entered Level 5 of the Dungeon
  3777 | D:5      | Shot with an arrow by a centaur

Levels and vault maps discovered:
D:1:      lemuel_arrival_muddy, layout_basic, due_unseen_surprise
D:2:      layout_loops_corners, nemelex_xobeh_ov_fountains_minmay, first_ration,
          hangedman_decor_slide_cut, minmay_pentomino_s4
D:3:      gammafunk_wand_slinger, layout_rooms, tso_metal_star, uniq_ijyb
D:4:      corexii_shack_village, layout_loops_ring, kennysheep_mini,
          serial_shops, shop, nicolae_ossuary_entry_ruins, fedhas_altar_1
D:5:      layout_cave_pools, lemuel_coloured_pillars_altar,
          makhleb_grotto_becter, nicolae_ru_great_annihilating_truth,
          lemuel_altar_in_water

Skill      XL: |  1  2  3  4  5  6 |
---------------+-------------------+-----
Poison Magic   | 3 4 |  4.0
Stealth        | 3 4 5 6 |  6.4
Dodging        | 3 |  3.3
Spellcasting   | 3 |  3.7
Unarmed Combat | 1 |  1.2
Air Magic      | 1 |  1.4
Transmutations | 2 |  2.1

Action                   |  1- 3 |  4- 6 || total
-------------------------+-------+-------++-------
Melee: Unarmed           |    29 |    44 ||    73
       Bite              |     2 |     4 ||     6
 Cast: Sting             |    39 |    31 ||    70
       Poisonous Vapours |     7 |    21 ||    28
       Olgreb's Toxic Ra |       |     2 ||     2
  Use: Potion            |       |     5 ||     5
       Scroll            |       |     1 ||     1
 Stab: Sleeping          |     7 |    11 ||    18
  Eat: Chunk             |    10 |    10 ||    20
Armor: Skin              |     1 |     6 ||     7
Dodge: Dodged            |    37 |    68 ||   105

Table legend:
 A = Non-vault XP
 B = Vault XP
 C = Vault XP percentage of total XP
 D = Non-vault monster count
 E = Vault monster count
 F = Vault count percentage of total count
                 A         B        C        D         E       F
            +---------+---------+-------+---------+---------+-------
      Total |     661 |      57 |   7.9 |      67 |      12 |  15.2
            +---------+---------+-------+---------+---------+-------
        D:1 |       9 |       0 |   0.0 |       5 |       0 |   0.0
        D:2 |      42 |       4 |   8.7 |      18 |       3 |  14.3
        D:3 |      80 |      36 |  31.0 |      28 |       1 |   3.4
        D:4 |     530 |      17 |   3.1 |      16 |       8 |  33.3
            +---------+---------+-------+---------+---------+-------
